AoeStats
← Humansandwich

African Clearing

506014664Analyzed
2v2 RM · 19d ago on Sep 12, 2026· 32m 48s· 4 players
Game mode
Random Map
Map size
Medium (4 player)
Population
200
Speed
Normal
Resources
Standard
Victory
Conquest
Starting age
Dark Age
Ending age
Imperial Age
RankedLock teamsTeams togetherTeam positionsShared explorationLock speedFull tech treeHidden civsTurbo modeCheats
Victory
Defeat
🇺🇸 Saracens · United States
1257
+17
🇺🇸 Ethiopians · United States
1247
+19
🇲🇽 Magyars · Mexico
1289
-18
🇲🇽 Chinese · Mexico
1289
-18
JBEN52
13:07 Feudal Age
11:39 Loom
13:25 Feudal Age
18:43 Castle Age
17:05 Scale Barding Armor
19:30 Fletching
20:32 Bodkin Arrow
30:11 Chain Barding Armor
32:00 Bloodlines
Humansandwich
11:00 Loom
13:55 Feudal Age
14:26 Double-Bit Axe
17:49 Castle Age
16:39 Padded Archer Armor
19:11 Gold Mining
24:07 Bow Saw
25:13 Squires
Mankito77
4:30 Loom
12:33 Feudal Age
13:34 Double-Bit Axe
19:41 Castle Age
19:32 Wheelbarrow
18:43 Town Watch
Marldox
3:02 Loom
12:15 Feudal Age
13:11 Double-Bit Axe
18:28 Castle Age
17:41 Fletching
18:44 Stone Mining
19:18 Town Watch
22:32 Bodkin Arrow
25:10 Squires
26:38 Padded Archer Armor
30:03 Scale Mail Armor
30:14 Forging
Connection lost

Rejoining the realm…

Still unreachable

The connection could not be restored.

Session expired

The server has moved on; the page needs a fresh start.